 Dungeon Crawl Stone Soup version 0.29.0-4-gdea44cf6ec (webtiles) character file.

Game seed: 13306399324581127767

32 qw the Ruffian (level 3, 0/28 HPs)
             Began as a Ghoul Fire Elementalist on Aug 29, 2022.
             Slain by an adder (2 damage)
             ... on level 2 of the Dungeon.
             The game lasted 00:01:08 (1756 turns).

qw the Ruffian (Ghoul Fire Elementalist)            Turns: 1756, Time: 00:01:09

Health: 0/28       AC:  2    Str: 13    XL:     3   Next: 27%
Magic:  4/4        EV: 12    Int: 10    God:
Gold:   40         SH:  0    Dex:  9    Spells: 4/5 levels left

rFire   . . .      SeeInvis .     - Unarmed
rCold   + . .      Faith    .   (no shield)
rNeg    + + +      Spirit   .   a - +0 robe
rPois   inf        Reflect  .   (no helmet)
rElec   .          Harm     .   (no cloak)
rCorr   .          Rampage  .   (no gloves)
Will    .....                   (no boots)
Stlth   ++........              (no amulet)
HPRegen 0.00/turn               (no ring)
MPRegen 0.09/turn               (no ring)

@: inhibited regen
A: claws 1, cold resistance 1, negative energy resistance 3, inhibited
regeneration, torment resistance 2, devour on kill
a: no special abilities


You were on level 2 of the Dungeon.
You visited 1 branch of the dungeon, and saw 2 of its levels.

You collected 40 gold pieces.


Innate Abilities, Weirdness & Mutations

You are immune to poison.
You have sharp fingernails.
Your flesh is cold resistant. (rC+)
You are immune to negative energy. (rN+++)
You do not regenerate when monsters are visible.
You are immune to unholy pain and torment.
You thrive by killing the living.


   Skills:
 - Level 1.1 Fighting
 - Level 1.7 Dodging
 - Level 2.1 Stealth
 + Level 2.7 Unarmed Combat
 - Level 1.7 Spellcasting
 - Level 0.7 Conjurations
 - Level 2.4 Fire Magic


You had 4 spell levels left.
You knew the following spells:

 Your Spells              Type           Power      Damage    Failure   Level
a - Foxfire               Conj/Fire      16%        2x1d4     17%         1

Your spell library contained the following spells:

 Spells                   Type           Power      Damage    Failure   Level
 Scorch                   Fire           10%        2d5       19%         2
 Conjure Flame            Conj/Fire      4%         6-21      45%         3
 Inner Flame              Hex/Fire       3%         N/A       52%         3
 Flame Wave               Conj/Fire      4%         2d5       86%         4

Inventory:

Armour
 a - a +0 robe (worn)
Potions
 b - 2 potions of heal wounds {unknown}
 e - a potion of brilliance {unknown}
 h - a potion of invisibility {unknown}
 k - a potion of haste {unknown}

Dungeon Overview and Level Annotations

Branches:
Dungeon (2/15)

Altars:


Message History

The jackal misses you.
The jackal bites you but does no damage.
The adder closely misses you. The jackal barely misses you. x2
You scratch the adder.
The adder is heavily wounded.
The adder closely misses you. The jackal barely misses you. x2
The adder closely misses you.
You barely miss the adder.
The adder is heavily wounded.
The jackal closely misses you. The jackal bites you.
The adder bites you but does no damage.
You miss the adder.
The adder is heavily wounded.
The jackal bites you. The jackal closely misses you.
The adder barely misses you.
You miss the adder.
The adder is heavily wounded.
The jackal bites you but does no damage.
The jackal bites you. The adder bites you. The jackal bites you. x2
You closely miss the adder.
The adder is heavily wounded.
The adder closely misses you. The jackal closely misses you.
The jackal bites you. The adder bites you.
You scratch the adder but do no damage.
The adder is heavily wounded.
The jackal barely misses you. The jackal closely misses you.
The adder barely misses you.
You miss the adder.
The adder is heavily wounded.
The jackal closely misses you. x2; The adder closely misses you.
The jackal bites you but does no damage.
The jackal misses you.
You scratch the adder.
The adder is severely wounded.
The adder bites you. The jackal closely misses you. x2
You miss the adder.
The adder is severely wounded.
The adder bites you but does no damage. The jackal barely misses you.
The jackal closely misses you. The adder bites you.
You die...

#.# #. #.# ######.##
#########.## .........
........#...
........###########.#.##
....?......##..........%
.....[...#.##.#...#.####
......S..#.##.#...#.#...
....!.h@.)....#...#.#.##
......h.......#...#.#.#.
..............+...#.#.#.
..<.\.........#...#.#.#.
......_..#....#.###.#.#.
###.}..#......#. #.#.
###..########. #.## ##.
#... ####


You could see an adder and 2 jackals.

Vanquished Creatures
  An adder (D:2)
  A dart slug (D:1)
  A ball python (D:1)
  2 bats (D:1)
  An endoplasm (D:1)
  A giant cockroach (D:1)
  4 hobgoblins
  3 jackals (D:1)
  A quokka (D:1)
  2 goblins
  A kobold (D:1)
  A rat (D:1)
19 creatures vanquished.

Notes
Turn   | Place    | Note
-------+----------+-------------------------------------------
     0 | D:1      | qw the Ghoul Fire Elementalist began the quest for the Orb.
     0 | D:1      | Reached XP level 1. HP: 14/14 MP: 2/2
     0 | D:1      | 0 ||| qw: Version: 0.1-a-90-g952f4b7
     0 | D:1      | 0 ||| qw: Game counter: 4192
     0 | D:1      | 0 ||| qw: Always use a shield: true
     0 | D:1      | 0 ||| qw: God list: Okawaru
     0 | D:1      | 0 ||| qw: Allow faded altars: false
     0 | D:1      | 0 ||| qw: Do Orc after D:15 true
     0 | D:1      | 0 ||| qw: Do second Lair branch before Depths: true
     0 | D:1      | 0 ||| qw: Lair rune preference: random
     0 | D:1      | 0 ||| qw: Plans: Normal
     0 | D:1      | 0 ||| PLANNING D:1-11
   502 | D:1      | Reached skill level 1 in Unarmed Combat
   663 | D:1      | 663 ||| Stepping ~*~*~tactically~*~*~ (hiding).
   775 | D:1      | Reached skill level 1 in Fighting
   775 | D:1      | Reached XP level 2. HP: 20/23 MP: 3/3
   855 | D:1      | 855 ||| Stepping ~*~*~tactically~*~*~ (stealth).
   856 | D:1      | 856 ||| Stepping ~*~*~tactically~*~*~ (stealth).
  1328 | D:1      | 1328 ||| Stepping ~*~*~tactically~*~*~ (stealth).
  1371 | D:1      | 1371 ||| Stepping ~*~*~tactically~*~*~ (stealth).
  1372 | D:1      | 1372 ||| Stepping ~*~*~tactically~*~*~ (stealth).
  1406 | D:1      | 1406 ||| Stepping ~*~*~tactically~*~*~ (stealth).
  1408 | D:1      | 1408 ||| Stepping ~*~*~tactically~*~*~ (stealth).
  1458 | D:1      | 1458 ||| READING scroll labelled BUNAFY BEEBAERY.
  1459 | D:1      | 1459 ||| READING scroll labelled ATUEPH IPNOA.
  1460 | D:1      | 1460 ||| READING scroll labelled REF QIWUNIYNNI.
  1461 | D:1      | 1461 ||| READING scroll labelled ETUZINO UTHROUD.
  1462 | D:1      | 1462 ||| READING scroll labelled EBYSIDD GIDOOR.
  1463 | D:1      | 1463 ||| READING scroll labelled BUCZIY JYS CUA.
  1466 | D:1      | 1466 ||| DRINKING 2 fuming silvery potions.
  1467 | D:1      | 1467 ||| DROPPING potion of magic.
  1468 | D:1      | 1468 ||| DROPPING potion of lignification.
  1598 | D:2      | Found a faded altar of an unknown god.
  1611 | D:2      | Reached XP level 3. HP: 26/28 MP: 4/4
  1752 | D:2      | HP: 6/28 [jackal (2)]
  1755 | D:2      | HP: 2/28 [adder (2)]
  1756 | D:2      | Slain by an adder

Levels and vault maps discovered:
D:1:      dpeg_arrival_tiny_f, layout_basic, serial_glass, glass_columns_a,
          glass_columns_b, grunt_decor_resistance, st_stairs_10,
          grunt_decor_one_mirror
D:2:      layout_basic, ebering_ecumenical_altar_abandoned, kennysheep_potato,
          uniq_jessica, uniq_crazy_yiuf_cottage

Skill      XL: |  1  2 |
---------------+-------+-----
Unarmed Combat | 1 2 |  2.7
Fighting       | 1 |  1.1
Dodging        | |  1.7
Stealth        | |  2.1
Spellcasting   | |  1.7
Conjurations   | |  0.7
Fire Magic     | |  2.4

Action                   || total
-------------------------++-------
Melee: Unarmed           ||   106
       Punch             ||     1
  Use: Scroll            ||     6
       Potion            ||     1
Armor: Robe              ||    18
Dodge: Dodged            ||    87

Table legend:
 A = Non-vault XP
 B = Vault XP
 C = Vault XP percentage of total XP
 D = Non-vault monster count
 E = Vault monster count
 F = Vault count percentage of total count
                 A         B        C        D         E       F
            +---------+---------+-------+---------+---------+-------
      Total |      45 |       2 |   4.3 |      18 |       1 |   5.3
            +---------+---------+-------+---------+---------+-------
        D:1 |      29 |       2 |   6.5 |      15 |       1 |   6.2
        D:2 |      16 |       0 |   0.0 |       3 |       0 |   0.0
            +---------+---------+-------+---------+---------+-------
